General information
- name: BNet
- type: Ladder team game (AT/RT)
- host: Battle.net
- saver: BEAR_AND
map: Highperch
- players: 6
- length: 22:15
- speed: Fast
- version: 1.21 W3XP
- replay type:

» download(132 KB)
Players
team 1 (winner)
BEAR_AND (
orange | 95 APM | 2109 actions | 22:15)
5 Blademaster
3 Wind Walk
2 Critical Strike
» actions
| Assign group hotkey | 6 | |
| Basic commands | 4 | |
| Build / train | 62 | |
| Enter build submenu | 58 | |
| Enter hero's abilities submenu | 5 | |
| Give item / drop item | 1 | |
| Right click | 1344 | |
| Select / deselect | 203 | |
| Select group hotkey | 303 | |
| Use ability | 123 | |
2109 total
» units
» upgrades
| Spiked Barricades | 1 | |
| Ranged Weapons | 1 | |
| Armor | 2 | |
| Reinforced Defenses | 1 | |
| Liquid Fire | 1 | |
6 total
» buildings
| Altar of Storms | 2 | |
| War Mill | 1 | |
| Orc Burrow | 4 | |
| Watch Tower | 58 | |
| Stronghold | 1 | |
| Voodoo Lounge | 1 | |
| Beastiary | 3 | |
| Fortress | 1 | |
71 total
» build order
00:08 Altar of Storms
00:09 Altar of Storms
00:13 War Mill
00:21 Orc Burrow
01:46 Watch Tower
01:53 Watch Tower
02:31 Watch Tower
02:36 Watch Tower
02:42 Watch Tower
03:55 Watch Tower
03:57 Watch Tower
04:00 Watch Tower
04:03 Watch Tower
04:03 Watch Tower
04:07 Stronghold
04:13 Orc Burrow
04:23 Voodoo Lounge
05:03 Watch Tower
05:04 Watch Tower
05:22 Watch Tower
05:23 Watch Tower
05:40 Watch Tower
05:42 Watch Tower
06:03 Watch Tower
06:13 Watch Tower
06:14 Watch Tower
06:31 Beastiary
06:34 Beastiary
07:14 Watch Tower
07:17 Beastiary
07:21 Watch Tower
07:22 Watch Tower
07:57 Watch Tower
07:57 Watch Tower
08:14 Watch Tower
08:29 Watch Tower
08:30 Watch Tower
08:31 Watch Tower
08:44 Watch Tower
08:52 Fortress
09:34 Orc Burrow
09:37 Orc Burrow
15:23 Watch Tower
15:24 Watch Tower
15:25 Watch Tower
15:26 Watch Tower
15:28 Watch Tower
15:29 Watch Tower
15:32 Watch Tower
15:33 Watch Tower
15:47 Watch Tower
15:48 Watch Tower
15:49 Watch Tower
15:50 Watch Tower
16:39 Watch Tower
16:40 Watch Tower
16:41 Watch Tower
16:43 Watch Tower
16:44 Watch Tower
16:46 Watch Tower
16:47 Watch Tower
19:09 Watch Tower
19:13 Watch Tower
19:16 Watch Tower
19:17 Watch Tower
20:43 Watch Tower
20:44 Watch Tower
20:45 Watch Tower
20:53 Watch Tower
20:55 Watch Tower
21:19 Watch Tower
» items
| Lesser Clarity Potion | 4 | |
| Healing Salve | 1 | |
| Orb of Lightning | 9 | |
| Boots of Speed | 1 | |
| Staff of Teleportation | 1 | |
16 total
Iceberg-Slim (
purple | 70 APM | 1550 actions | 22:06)
4 Warden
2 Shadow Strike
2 Blink
» actions
| Assign group hotkey | 8 | |
| Basic commands | 107 | |
| Build / train | 60 | |
| Enter build submenu | 15 | |
| Enter hero's abilities submenu | 4 | |
| Give item / drop item | 2 | |
| Right click | 916 | |
| Select / deselect | 329 | |
| Select group hotkey | 47 | |
| Use ability | 62 | |
1550 total
» units
| Wisp | 27 | |
| Druid of the Talon | 3 | |
| Hippogryph | 7 | |
37 total
» upgrades
| Druid of the Talon Training | 1 | |
| Well Spring | 1 | |
| Ultravision | 1 | |
| Nature's Blessing | 1 | |
| Corrosive Breath | 1 | |
| Strength of the Wild | 3 | |
| Reinforced Hides | 3 | |
11 total
» buildings
| Altar of Elders | 1 | |
| Moon Well | 9 | |
| Tree of Ages | 1 | |
| Hunter's Hall | 1 | |
| Ancient of Wind | 1 | |
| Tree of Eternity | 1 | |
| Tree of Life | 2 | |
| Chimaera Roost | 2 | |
| Ancient of Wonders | 1 | |
19 total
» build order
00:06 Altar of Elders
00:20 Moon Well
01:03 Moon Well
03:53 Moon Well
03:54 Moon Well
04:18 Tree of Ages
05:00 Hunter's Hall
05:08 Moon Well
06:47 Ancient of Wind
07:14 Tree of Eternity
07:57 Tree of Life
08:42 Tree of Life
10:09 Chimaera Roost
10:19 Ancient of Wonders
11:52 Chimaera Roost
13:47 Moon Well
13:48 Moon Well
14:48 Moon Well
15:50 Moon Well
» items
| Boots of Speed | 1 | |
| Orb of Venom | 1 | |
| Scroll of Town Portal | 1 | |
| Staff of Preservation | 1 | |
| Staff of Teleportation | 1 | |
5 total
TIMG4STRok (
red | 78 APM | 1727 actions | 22:06)
2 Archmage
1 Blizzard
1 Brilliance Aura
2 Mountain King
1 Storm Bolt
1 Bash
1 Paladin
1 Holy Light
» actions
| Assign group hotkey | 3 | |
| Basic commands | 25 | |
| Build / train | 78 | |
| ESC pressed | 1 | |
| Enter build submenu | 41 | |
| Enter hero's abilities submenu | 5 | |
| Give item / drop item | 5 | |
| Right click | 857 | |
| Select / deselect | 158 | |
| Select group hotkey | 428 | |
| Use ability | 126 | |
1727 total
» units
» upgrades
| Masonry | 2 | |
| Magic Sentry | 1 | |
| Lumber Harvesting | 1 | |
4 total
» buildings
| Altar of Kings | 1 | |
| Farm | 5 | |
| Scout Tower | 50 | |
| Arcane Tower | 2 | |
| Lumber Mill | 1 | |
| Arcane Vault | 2 | |
| Guard Tower | 33 | |
| Town Hall | 1 | |
| Keep | 1 | |
| Arcane Sanctum | 1 | |
| Castle | 1 | |
98 total
» build order
00:27 Altar of Kings
00:31 Farm
01:00 Scout Tower
01:13 Scout Tower
01:43 Arcane Tower
01:44 Scout Tower
02:00 Farm
02:03 Arcane Tower
02:10 Lumber Mill
02:17 Arcane Vault
02:21 Scout Tower
02:23 Scout Tower
02:38 Farm
03:51 Scout Tower
03:51 Scout Tower
03:57 Guard Tower
04:13 Scout Tower
04:19 Guard Tower
04:19 Guard Tower
04:28 Guard Tower
05:10 Guard Tower
05:13 Scout Tower
05:14 Scout Tower
05:14 Scout Tower
05:39 Guard Tower
05:40 Scout Tower
05:41 Scout Tower
05:43 Scout Tower
05:47 Town Hall
06:02 Guard Tower
06:07 Keep
06:13 Guard Tower
06:15 Scout Tower
06:16 Scout Tower
06:18 Scout Tower
06:19 Scout Tower
07:00 Guard Tower
07:01 Scout Tower
07:02 Scout Tower
07:03 Scout Tower
07:13 Guard Tower
07:13 Guard Tower
07:13 Guard Tower
07:16 Farm
07:16 Farm
07:53 Guard Tower
08:01 Guard Tower
08:03 Guard Tower
08:23 Guard Tower
08:25 Scout Tower
08:25 Scout Tower
08:26 Scout Tower
08:30 Guard Tower
08:52 Arcane Sanctum
09:04 Scout Tower
09:12 Scout Tower
09:13 Scout Tower
09:14 Scout Tower
09:15 Scout Tower
09:17 Scout Tower
09:20 Guard Tower
09:46 Guard Tower
10:20 Guard Tower
10:20 Guard Tower
10:20 Guard Tower
10:27 Guard Tower
10:28 Guard Tower
10:28 Guard Tower
10:30 Guard Tower
10:55 Arcane Vault
11:01 Castle
11:06 Guard Tower
11:44 Guard Tower
11:47 Scout Tower
11:48 Scout Tower
11:49 Scout Tower
11:49 Scout Tower
12:28 Scout Tower
12:29 Scout Tower
12:31 Scout Tower
12:33 Scout Tower
13:15 Guard Tower
13:51 Guard Tower
14:33 Scout Tower
20:38 Scout Tower
20:39 Scout Tower
20:40 Scout Tower
20:40 Scout Tower
20:41 Scout Tower
20:42 Scout Tower
21:48 Guard Tower
21:50 Scout Tower
21:51 Scout Tower
21:52 Scout Tower
21:52 Scout Tower
21:53 Scout Tower
» items
| Staff of Teleportation | 3 | |
| Boots of Speed | 3 | |
| Healing Salve | 1 | |
| Orb of Lightning | 5 | |
| Staff of Sanctuary | 3 | |
15 total
team 2 (loser)

»
ALONEINTHMORGUE (
blue | 45 APM | 981 actions | 21:59)
3 Death Knight
1 Death Coil
1 Unholy Aura
1 Death Pact
1 Dreadlord
1 Sleep
» actions
| Assign group hotkey | 140 | |
| Basic commands | 13 | |
| Build / train | 45 | |
| Enter build submenu | 19 | |
| Enter hero's abilities submenu | 4 | |
| Give item / drop item | 1 | |
| Right click | 514 | |
| Select / deselect | 124 | |
| Select group hotkey | 63 | |
| Use ability | 58 | |
981 total
» units
| Acolyte | 13 | |
| Ghoul | 4 | |
| Crypt Fiend | 5 | |
| Frost Wyrm | 5 | |
27 total
» upgrades
» buildings
| Graveyard | 1 | |
| Crypt | 1 | |
| Ziggurat | 10 | |
| Altar of Darkness | 1 | |
| Halls of the Dead | 1 | |
| Tomb of Relics | 1 | |
| Nerubian Tower | 1 | |
| Spirit Tower | 1 | |
| Black Citadel | 1 | |
| Sacrificial Pit | 1 | |
| Boneyard | 3 | |
22 total
» build order
00:16 Graveyard
00:36 Crypt
00:52 Ziggurat
01:41 Altar of Darkness
01:45 Ziggurat
03:06 Halls of the Dead
03:12 Tomb of Relics
04:27 Nerubian Tower
04:29 Spirit Tower
04:53 Ziggurat
06:17 Black Citadel
06:21 Sacrificial Pit
09:25 Boneyard
09:26 Boneyard
09:26 Boneyard
09:30 Ziggurat
09:32 Ziggurat
09:37 Ziggurat
09:38 Ziggurat
10:18 Ziggurat
19:09 Ziggurat
19:10 Ziggurat
» items
| Rod of Necromancy | 2 | |
| Potion of Healing | 2 | |
| Orb of Corruption | 2 | |
| Dust of Appearance | 1 | |
7 total

»
Goderay (
yellow | 41 APM | 896 actions | 22:02)
4 Blademaster
2 Wind Walk
2 Critical Strike
» actions
| Assign group hotkey | 16 | |
| Basic commands | 12 | |
| Build / train | 51 | |
| Enter build submenu | 15 | |
| Enter hero's abilities submenu | 4 | |
| Give item / drop item | 4 | |
| Right click | 412 | |
| Select / deselect | 235 | |
| Select group hotkey | 101 | |
| Use ability | 44 | |
896 total
» units
| Peon | 11 | |
| Grunt | 6 | |
| Wind Rider | 13 | |
| Raider | 3 | |
33 total
» upgrades
| Ranged Weapons | 1 | |
| Envenomed Spears | 1 | |
| Ensnare | 1 | |
3 total
» buildings
| Altar of Storms | 2 | |
| Orc Burrow | 6 | |
| Barracks | 1 | |
| Voodoo Lounge | 1 | |
| Stronghold | 1 | |
| War Mill | 1 | |
| Beastiary | 2 | |
| Fortress | 1 | |
15 total
» build order
00:05 Altar of Storms
00:08 Altar of Storms
00:23 Orc Burrow
00:38 Barracks
01:31 Orc Burrow
02:16 Orc Burrow
02:42 Voodoo Lounge
03:40 Stronghold
04:09 War Mill
04:57 Orc Burrow
06:06 Beastiary
06:08 Beastiary
07:00 Fortress
09:18 Orc Burrow
10:14 Orc Burrow
» items
| Healing Salve | 4 | |
| Lesser Clarity Potion | 1 | |
| Boots of Speed | 1 | |
| Scroll of Healing | 1 | |
| Scroll of Speed | 1 | |
8 total
ip1ssexcellence (
pink | 38 APM | 837 actions | 22:05)
2 Dreadlord
1 Sleep
1 Vampiric Aura
» actions
| Assign group hotkey | 2 | |
| Basic commands | 10 | |
| Build / train | 58 | |
| Enter build submenu | 15 | |
| Enter hero's abilities submenu | 2 | |
| Remove unit from queue | 1 | |
| Right click | 466 | |
| Select / deselect | 177 | |
| Select group hotkey | 71 | |
| Use ability | 35 | |
837 total
» units
| Acolyte | 8 | |
| Ghoul | 18 | |
| Razormane Medicine Man | 1 | |
| Centaur Outrunner | 1 | |
| Necromancer | 5 | |
| Meatwagon | 4 | |
37 total
» upgrades
| Unholy Armor | 2 | |
| Unholy Strength | 2 | |
| Cannibalize | 1 | |
| Necromancer Training | 2 | |
| Skeletal Longevity | 1 | |
| Skeletal Mastery | 1 | |
| Exhume Corpses | 1 | |
10 total
» buildings
| Altar of Darkness | 1 | |
| Crypt | 1 | |
| Ziggurat | 7 | |
| Nerubian Tower | 1 | |
| Graveyard | 1 | |
| Tomb of Relics | 1 | |
| Spirit Tower | 3 | |
| Halls of the Dead | 1 | |
| Black Citadel | 1 | |
| Temple of the Damned | 3 | |
| Slaughterhouse | 1 | |
21 total
» build order
00:09 Altar of Darkness
00:19 Crypt
00:30 Ziggurat
01:32 Nerubian Tower
02:03 Graveyard
02:22 Ziggurat
02:55 Tomb of Relics
04:38 Spirit Tower
05:11 Ziggurat
07:24 Ziggurat
07:32 Halls of the Dead
09:10 Spirit Tower
09:18 Ziggurat
10:30 Black Citadel
12:18 Temple of the Damned
12:20 Temple of the Damned
12:25 Slaughterhouse
12:35 Temple of the Damned
12:40 Spirit Tower
16:53 Ziggurat
16:56 Ziggurat
» items
Chat log
(01:31 / All) ALONEINTHMORGUE: TELL ME THAT U LIKE IT
(02:08 / All) ALONEINTHMORGUE: SHES MY BEST FRIENDS GIRL
(02:13 / All) BEAR_AND: stfu thanks
(02:18 / All) Goderay: NO
(02:20 / All) ALONEINTHMORGUE: OLK MR PROSU!
(02:22 / All) ALONEINTHMORGUE: PRPSU!
(02:28 / All) ALONEINTHMORGUE: PROSU!
(02:31 / All) Goderay: fuck u 4k grubby
(02:37 / All) ALONEINTHMORGUE: I NEED TO LISTEN TO WC MUSIC
(02:42 / All) ALONEINTHMORGUE: STOP DISTRACTING ME SIR
(03:20 / All) ALONEINTHMORGUE: MR PROSU HERE HE IS
(03:23 / All) TIMG4STRok: gg
(03:34 / All) ALONEINTHMORGUE: MR PROSU #2 SAYS GG
(03:37 / All) Goderay: nice exp for u
(03:50 / All) ALONEINTHMORGUE: FREE exp =pink
(11:24 / All) TIMG4STRok: ima check the right side, maybe its not towered
(11:32 / All) ALONEINTHMORGUE: OK SIR
(12:19 / All) TIMG4STRok: 200g ty
(12:25 / All) ALONEINTHMORGUE: np.
(14:25 / All) TIMG4STRok: ROIFL@
(14:29 / All) BEAR_AND: u ok?
(14:37 / All) Goderay: yeah bats are hilarious?
(14:38 / All) TIMG4STRok: KJM im not i peed my pants
(14:50 / All) BEAR_AND: well noobs getting owned is hilaridad
(15:00 / All) Goderay: oh yeah ur real prozor
(15:01 / All) ALONEINTHMORGUE: virgins playing video games is funny
(15:16 / All) TIMG4STRok: OWNED
(15:16 / All) Iceberg-Slim: this game actually restored my hymen
(15:26 / All) TIMG4STRok: you suck so bad
(15:38 / All) Goderay: have sex?
(16:06 / All) ALONEINTHMORGUE: no i think im just gonna sit in my room and play wc all day and be a virgin for the rest of my life.
(16:17 / All) Iceberg-Slim: tehres other things to life than sex
(16:17 / All) TIMG4STRok: lmfao, pathetic
(16:24 / All) ALONEINTHMORGUE: omfg ur pathetic
(16:25 / All) Iceberg-Slim: like poetry, wc3 scores, the piano
(16:26 / All) BEAR_AND: in his moment of severe ownage induced weakness, blue confesses
(16:26 / All) Goderay: yeah being a virgin like u
(16:45 / All) Goderay: wow u guys are 1337!!!!!!!!!!!!!!!!!!
(16:50 / All) BEAR_AND: nah
(16:54 / All) Goderay: i think im talkin their language now
(16:59 / All) Iceberg-Slim: bow
(17:01 / All) ALONEINTHMORGUE: yeah
(17:03 / All) TIMG4STRok: correct term is 31337 tard boy
(17:39 / All) Iceberg-Slim: you almost killed one of my units good job
(17:47 / All) TIMG4STRok: goodo jobo
(17:52 / All) TIMG4STRok: as they say in glorious nippon
(18:01 / All) ALONEINTHMORGUE: yet ur still a virgin
(18:06 / All) Iceberg-Slim: no actually
(18:08 / All) ALONEINTHMORGUE: good job flower boy
(18:12 / All) Iceberg-Slim: i had sex while i was microing
(18:18 / All) ALONEINTHMORGUE: ok flower boy
(18:38 / All) Iceberg-Slim: nice surround
(18:46 / All) ALONEINTHMORGUE: sorry u used ur flower power
(18:49 / All) Iceberg-Slim: you must have like at least 30 apm
(18:53 / All) BEAR_AND: where ur wyvs ?
(18:59 / All) ALONEINTHMORGUE: flower boy STIKES AGAIN
(19:14 / All) Goderay: u act like i care that u just blew up bats on my wyvs ooo!
(19:36 / All) ALONEINTHMORGUE: nice staff flower boy.
(19:40 / All) Iceberg-Slim: bow
(19:42 / All) BEAR_AND: leave
(19:43 / All) BEAR_AND: lmfao
(19:51 / All) TIMG4STRok: Wtf flower boy, u tryin be random or sumtin
(20:11 / All) Iceberg-Slim: youre msising 2 frost wyrms i cant help but notice
(20:27 / All) ALONEINTHMORGUE: well atleast u still have ur innonce
(20:31 / All) BEAR_AND: innonce
(20:32 / All) BEAR_AND: wtf?
(20:40 / All) ALONEINTHMORGUE: i type goodl.
(21:59 / All) ALONEINTHMORGUE: well this went as well as u attempted to get laid.
(22:00 / All) BEAR_AND: consider learning to play